 Dungeon Crawl Stone Soup version 0.31-a0-664-g902f515a81 (webtiles) character file.

Game seed: 518073493523322876

57441 Conn the Arsonist (level 14, -1/76 HPs)
             Began as an Octopode Fire Elementalist on Sept 2, 2023.
             Was an Elder of Sif Muna.
             Slain by Scrael's ghost (21 damage)
             ... on level 12 of the Dungeon.
             The game lasted 01:26:00 (25965 turns).

Conn the Arsonist (Octopode Fire Elementalist)     Turns: 25965, Time: 01:26:01

Health: -1/76      AC:  1    Str:  7    XL:     14   Next: 86%
Magic:  20/28      EV: 18    Int: 21    God:    Sif Muna [****..]
Gold:   920        SH:  5    Dex: 21    Spells: 1/34 levels left

rFire   . . .        a - staff of Insufficient Pleasure {rElec Dex+7 Air}
rCold   + . .        f - orb {*channel}
rNeg    . . .        (helmet restricted)
rPois   +            I - amulet of reflection
rElec   +            g - ring of wizardry
rCorr   .            h - ring of protection from cold
SInv    +            j - ring of see invisible
Will    +....        z - ring of poison resistance
Stlth   +++++        A - +4 ring of slaying
HPRegen 0.32/turn    (no ring)
MPRegen 0.21/turn    (no ring)
                     (no ring)

%: reflection, wizardry (x1), channel magic (20%)
@: very slightly contaminated
A: almost no armour, amphibious, 8 rings, camouflage 1, gelatinous body 1,
(nimble swimmer 1), tentacles
a: Renounce Religion, Channel Magic, Forget Spell, Divine Exegesis


You were on level 12 of the Dungeon.
You worshipped Sif Muna.
Sif Muna was greatly pleased with you.
You visited 4 branches of the dungeon, and saw 19 of its levels.

You collected 1063 gold pieces.
You spent 143 gold pieces at shops.

Inventory:

Hand Weapons
 b - a +5 vampiric spear
 d - a +0 dagger
Missiles
 x - 2 throwing nets
Armour
 f - an orb of energy (worn)
 F - a +2 kite shield
Magical Staves
 a - the staff of Insufficient Pleasure (weapon) {rElec Dex+7 Air}
   (You acquired it on level 8 of the Dungeon)

   [staff of air]

   Base accuracy: +5 Base damage: 5 Base attack delay: 1.2 This weapon's minimum
   attack delay (0.6) is reached at skill level 12.
   Dex+7:     It affects your dexterity (+7).
   rElec:     It insulates you from electricity.
   Air:       It increases the power of your Air spells.
   It falls into the 'Staves' category.
   It is a one-tentacled weapon.
 J - a staff of cold
Jewellery
 g - a ring of wizardry (left tentacle)
 h - a ring of protection from cold (right tentacle)
 j - a ring of see invisible (on tentacle)
 z - a ring of poison resistance (on tentacle)
 A - a +4 ring of slaying (on tentacle)
 I - an amulet of reflection (around mantle)
 M - the amulet "Geat" {Spirit rF++ rC+}
   (You took it off an orc wizard on level 11 of the Dungeon)

   [amulet of guardian spirit]

   Spirit:    It causes incoming damage to be divided between your reserves of
   health and magic.
   rF++:      It greatly protects you from fire.
   rC+:       It protects you from cold.
Wands
 i - a wand of digging (8)
 o - a wand of flame (45)
 t - a wand of mindburst (19)
 w - a wand of polymorph (11)
 D - a wand of acid (6)
 E - a wand of iceblast (9)
Scrolls
 c - 2 scrolls of revelation
 e - 3 scrolls of noise
 k - 3 scrolls of teleportation
 l - 8 scrolls of vulnerability
 n - 4 scrolls of identify
 s - 3 scrolls of immolation
 u - a scroll of amnesia
 y - a scroll of torment
 C - a scroll of poison
Potions
 m - 2 potions of brilliance
 p - a potion of magic
 q - a potion of mutation
 r - 2 potions of curing
 v - 3 potions of haste
 B - a potion of attraction
 G - a potion of resistance
 H - a potion of invisibility
 K - a potion of cancellation
 L - a potion of enlightenment {unknown}


   Skills:
 - Level 7.0 Dodging
 - Level 6.6 Stealth
 + Level 9.4 Shields
 + Level 10.8 Spellcasting
 + Level 11.5 Conjurations
 - Level 6.0 Summonings
 + Level 11.9 Fire Magic
 - Level 5.0 Air Magic
 - Level 3.0 Earth Magic
 + Level 8.9 Invocations


You had one spell level left.
You knew the following spells:

 Your Spells              Type           Power      Damage    Failure   Level
a - Foxfire               Conj/Fire      100%       2x1d9     1%          1
b - Scorch                Fire           100%       2d9       1%          2
c - Inner Flame           Hex/Fire       36%        N/A       2%          3
d - Flame Wave            Conj/Fire      57%        2d14      1%          4
e - Mephitic Cloud        Conj/Pois/Air  51%        N/A       3%          3
f - Call Imp              Summ           72%        N/A       1%          2
g - Call Canine Familiar  Summ           36%        N/A       2%          3
h - Starburst             Conj/Fire      28%        6d9       9%          6
i - Plasma Beam           Fire/Air       31%        2x1d44    22%         6
j - Stone Arrow           Conj/Erth      82%        3d12      1%          3

Your spell library contained the following spells:

 Spells                   Type           Power      Damage    Failure   Level
 Magic Dart               Conj           100%       1d8       1%          1
 Volatile Blastmotes      Fire/Tloc      72%        2d16      2%          3
 Lesser Beckoning         Tloc           22%        N/A       9%          2
 Gell's Gravitas          Tloc           11%        N/A       16%         3
 Ozocubu's Armour         Ice            11%        N/A       16%         3
 Portal Projectile        Hex/Tloc       22%        N/A       16%         3
 Teleport Other           Tloc           11%        N/A       16%         3
 Tukima's Dance           Hex            11%        N/A       16%         3
 Leda's Liquefaction      Hex/Erth       8%         N/A       26%         4
 Leda's Unmaking          Conj/Erth      20%        9d4       32%         6
 Passage of Golubria      Tloc           11%        N/A       38%         4
 Yara's Violent Unravell  Hex/Tmut       5%         3d4       69%         5
 Ozocubu's Refrigeration  Ice            5%         4d8       100%        7
 Lehudib's Crystal Spear  Conj/Erth      20%        10d6      100%        8
 Animate Armour           Summ/Erth      Unusable   N/A       N/A         4

Dungeon Overview and Level Annotations

Branches:
Dungeon (12/15)            Temple (1/1) D:6            Lair (5/5) D:11
 Shoals (0/4) Lair:3       Spider (0/4) Lair:2          Orc (1/2) D:10
  Slime: Lair:4-5

Altars:
Ashenzari
Cheibriados
Dithmenos
Elyvilon
Fedhas
Gozag
Hepliaklqana
Kikubaaqudgha
Makhleb
Nemelex Xobeh
Okawaru
Qazlal
Ru
Sif Muna
Trog
Uskayaw
Vehumet
Wu Jian
Xom
Yredelemnul
Zin
The Shining One

Shops:
D:5 !

Annotations:
D:12 Scrael's ghost, journeyman GrFi


Innate Abilities, Weirdness & Mutations

You cannot wear most types of armour.
You are amphibious.
You can wear up to eight rings at the same time.
Your skin changes colour to match your surroundings (Stealth+).
Your rubbery body absorbs attacks. (AC +1, EV +1)
((You are camouflaged when in or above water. (Stealth+)))
You have tentacles for arms and can constrict up to eight enemies at once.


Message History

You feel less invigorated.
Scrael's ghost says, "They say chivalry is dead.
Well, so am I."
Scrael's ghost completely misses you.
The boulder beetle curls into a ball and begins rolling!
Your hound bites Scrael's ghost.
Scrael's ghost hits your hound.
Your hound misses Scrael's ghost.
Your hound bites Scrael's ghost but does no damage.
Scrael's ghost hits your hound!
Casting: Call Canine Familiar (mildly dangerous; 2% risk of failure)
Confirm with . or Enter, or press ? or * to list all spells.
Aiming: Inner Flame (mildly dangerous; 2% risk of failure)
Press: ? - help, Dir - move target, f - hound
Aim: a hound (almost dead, summoned, friendly, chance to affect: 92%)
Your hound barely resists.
Your hound bites Scrael's ghost but does no damage.
Scrael's ghost hits your hound.
Your hound dies!
Your hound's corpse disappears in a puff of smoke!
Unknown command.
Casting: Inner Flame (mildly dangerous; 2% risk of failure)
Confirm with . or Enter, or press ? or * to list all spells.
Casting: Starburst (dangerous; 9% risk of failure)
Press: ? - help, Dir - look around, f - activate You miscast Starburst.
You are very lightly contaminated with residual magic.
Sparks fly from your tentacles! Magical energy flows into your mind!
The boulder beetle barely misses you.
The boulder beetle stops rolling and uncurls.
Casting: Starburst (dangerous; 9% risk of failure)
Confirm with . or Enter, or press ? or * to list all spells.
The boulder beetle bites you!
* * * LOW HITPOINT WARNING * * *
Scrael's ghost grins evilly.
Unknown command.
You swap places.
The boulder beetle bites your hound!!
Your hound dies!
Your hound's corpse disappears in a puff of smoke!
Scrael's ghost attacks as it pursues you!
Scrael's ghost hits you!!
You die...

..............#.......##
..............#........#
#######.......#........#
#######.#<.......##
#.#.........#
#############.#........##
..............#.B......#
.........[......W.....##
................@...###
............#.......###
......................#
...........≈≈≈≈≈≈≈....#
..........≈≈#####≈≈..##
.........≈≈##...##≈≈..##
........≈≈##.....##≈≈..#
#......≈≈##.......##≈≈.#
#......≈##.........##≈.#


You could see a boulder beetle (inner flame) and Scrael's ghost.

Vanquished Creatures
  Nessos (Lair:4)
  Erolcha (D:9)
  Harold (D:11)
  4 hydras
  Fannar (Lair:3)
  A centaur warrior (D:9)
  Erica (D:8)
  A tengu warrior (D:11)
  A death knight (D:9)
  11 death yaks
  2 two-headed ogres
  3 boulder beetles
  3 skysharks
  Amaemon (D:8)
  2 orc knights
  3 deep elf pyromancers
  A wolf spider (Lair:1)
  An ugly thing (D:11)
  A manticore (D:11)
  An orc sorcerer (Orc:1)
  A cyclops (D:11)
  4 black mambas
  A torpor snail (Lair:4)
  2 gargoyles (D:12)
  12 cane toads
  An orange demon (D:8)
  3 kobold demonologists
  Psyche (D:8)
  4 rime drakes
  A yaktaur (D:11)
  10 komodo dragons
  2 polar bears (Lair:4)
  3 trolls
  2 hornets
  5 blink frogs
  7 dream sheep (Lair:4)
  A snapping turtle (Lair:3)
  A slime creature (D:11)
  Sigmund (D:4)
  3 ynoxinuls (D:12)
  A vampire (D:11)
  2 wraiths
  51 yaks
  A wyvern (Lair:3)
  4 vampire mosquitoes (D:12)
  6 basilisks
  4 wargs
  2 acid dragons
  A hell hound (Lair:5)
  17 water moccasins
  A black bear (Lair:4)
  4 orc warriors
  An ice beast (D:5)
  5 ogres
  21 wolves
  2 centaurs
  3 kobold brigands
  A phantom (D:6)
  20 bullfrogs
  2 gnoll sergeants
  A scorpion (D:6)
  25 killer bees
  10 howler monkeys
  2 electric eels
  3 jellies
  4 orc priests
  5 hounds
  3 iguanas
  10 orc wizards
  6 gnolls
  16 adders
  2 shadow imps
  2 white imps (D:5)
  15 ufetubi
  A dart slug (D:4)
  41 orcs
  9 endoplasms
  4 giant cockroaches
  4 hobgoblins
  3 jackals (D:4)
  18 kobolds
  4 quokkas
  5 ball pythons
  10 bats
  4 frilled lizards
  7 goblins
  3 rats
472 creatures vanquished.

Vanquished Creatures (collateral kills)
  A hydra (Lair:3)
  4 foxfires
5 creatures vanquished.

Vanquished Creatures (others)
  1023 foxfires
1023 creatures vanquished.

Grand Total: 1500 creatures vanquished

Notes
Turn   | Place    | Note
-------+----------+-------------------------------------------
     0 | D:1      | Conn the Octopode Fire Elementalist began the quest for the
                  | Orb.
     0 | D:1      | Reached XP level 1. HP: 11/11 MP: 3/3
   498 | D:1      | Reached XP level 2. HP: 17/17 MP: 1/5
   898 | D:1      | Reached XP level 3. HP: 18/21 MP: 1/6
  1128 | D:1      | Learned a level 2 spell: Scorch
  1132 | D:1      | Learned a level 3 spell: Inner Flame
  1330 | D:2      | Found a faded altar of an unknown god.
  1418 | D:2      | Reached XP level 4. HP: 27/27 MP: 3/7
  2072 | D:3      | Reached XP level 5. HP: 16/31 MP: 7/9
  2698 | D:4      | Noticed an ogre
  2707 | D:4      | Killed an ogre
  2708 | D:4      | Reached XP level 6. HP: 32/36 MP: 4/10
  2710 | D:4      | Noticed Sigmund
  2819 | D:3      | Learned a level 4 spell: Flame Wave
  2831 | D:4      | Killed Sigmund
  2832 | D:4      | Reached skill level 5 in Stealth
  3145 | D:4      | Found a glowing silver altar of Zin.
  3536 | D:5      | Entered Level 5 of the Dungeon
  3553 | D:5      | Reached XP level 7. HP: 15/41 MP: 5/12
  4266 | D:5      | Found Kepsufou's Distillery.
  4271 | D:5      | Bought a potion of lignification for 33 gold pieces
  4271 | D:5      | Bought a potion of haste for 110 gold pieces
  4628 | D:6      | Reached XP level 8. HP: 46/46 MP: 2/14
  4712 | D:6      | Found a shadowy altar of Dithmenos.
  5017 | D:6      | Reached skill level 5 in Fire Magic
  5197 | D:6      | Learned a level 3 spell: Mephitic Cloud
  5200 | D:6      | Learned a level 2 spell: Call Imp
  5220 | D:6      | Reached skill level 1 in Summonings
  5220 | D:6      | Reached skill level 1 in Air Magic
  5700 | D:6      | Found a staircase to the Ecumenical Temple.
  5803 | Temple   | Entered the Ecumenical Temple
  5884 | D:7      | Reached skill level 5 in Dodging
  6309 | D:7      | Reached XP level 9. HP: 32/51 MP: 5/16
  6477 | D:7      | Reached skill level 5 in Conjurations
  6938 | D:7      | Reached skill level 5 in Spellcasting
  7139 | D:8      | Noticed Erica
  7142 | D:8      | Noticed an orange demon
  7144 | D:8      | Killed Erica
  7269 | D:8      | Killed an orange demon
  7324 | D:8      | Identified a scroll of acquirement
  7325 | D:8      | Acquired the staff of Insufficient Pleasure {rElec Dex+7
                  | Air}
  7332 | D:8      | Learned a level 3 spell: Call Canine Familiar
  7400 | D:8      | Noticed Psyche
  7403 | D:8      | Reached XP level 10. HP: 56/56 MP: 16/18
  7410 | D:8      | Killed Psyche
  7537 | D:8      | Found an opulent altar of Gozag.
  7538 | D:8      | Found an ornate altar of the Wu Jian Council.
  7689 | D:8      | Noticed a deep elf pyromancer
  7698 | D:8      | Killed a deep elf pyromancer
  7818 | D:8      | Noticed a two-headed ogre
  7895 | D:8      | Noticed Amaemon
  7901 | D:8      | Killed Amaemon
  7947 | D:8      | Killed a two-headed ogre
  8114 | D:8      | Reached skill level 5 in Summonings
  8144 | D:8      | Found a glowing golden altar of the Shining One.
  8346 | D:8      | Found a broken altar of Ashenzari.
  8651 | D:9      | Noticed a centaur warrior
  8660 | D:9      | Killed a centaur warrior
  8661 | D:9      | Reached skill level 1 in Shields
  8661 | D:9      | Reached skill level 5 in Air Magic
  8661 | D:9      | Reached XP level 11. HP: 26/61 MP: 4/20
  8939 | D:9      | Noticed a death knight
  9001 | D:9      | Found a sparkling altar of Nemelex Xobeh.
  9140 | D:9      | Noticed Erolcha
  9145 | D:9      | Killed Erolcha
  9542 | D:9      | Killed a death knight
 10007 | D:10     | Entered Level 10 of the Dungeon
 10190 | D:10     | Noticed a two-headed ogre
 10192 | D:10     | Noticed a deep elf pyromancer
 11140 | D:10     | Identified the +3 robe of the Shoals {rPois Str+2 Slay-3
                  | Archmagi}
 11156 | D:10     | Killed a two-headed ogre
 11294 | D:10     | Found a shimmering blue altar of Sif Muna.
 11300 | D:10     | Killed a deep elf pyromancer
 11357 | D:10     | Became a worshipper of Sif Muna the Loreminder
 11369 | D:10     | Got the Book of the Eleven Tales
 11382 | D:10     | Learned a level 6 spell: Starburst
 11442 | D:10     | Found a staircase to the Orcish Mines.
 11984 | D:11     | Noticed a boulder beetle
 12172 | D:11     | Noticed a manticore
 12183 | D:11     | Killed a manticore
 12392 | D:11     | Noticed Harold
 12403 | D:11     | Noticed a sun demon
 12408 | D:11     | Killed Harold
 12409 | D:11     | Reached skill level 1 in Invocations
 12610 | D:11     | Reached XP level 12. HP: 66/66 MP: 8/23
 12743 | D:11     | Found a staircase to the Lair.
 13010 | D:11     | Reached skill level 5 in Shields
 13031 | D:11     | Reached * piety under Sif Muna
 13413 | D:11     | Killed a boulder beetle
 13682 | Lair:1   | Entered Level 1 of the Lair of Beasts
 14529 | Lair:1   | Reached ** piety under Sif Muna
 14752 | Lair:1   | Identified the +3 war axe "Pedin" {elec, Str+2 Int+3}
 15460 | Lair:2   | Reached skill level 5 in Invocations
 15462 | Lair:2   | Reached skill level 10 in Fire Magic
 15463 | Lair:2   | Reached XP level 13. HP: 66/71 MP: 4/26
 15622 | Lair:1   | Learned a level 6 spell: Plasma Beam
 16003 | Lair:2   | Found a hole to the Spider Nest.
 16008 | Lair:2   | Found a bloodstained altar of Trog.
 16815 | Lair:3   | Reached *** piety under Sif Muna
 16816 | Lair:3   | Reached skill level 10 in Conjurations
 17083 | Lair:3   | Noticed Fannar
 17097 | Lair:3   | Killed Fannar
 17263 | Lair:3   | Found a staircase to the Shoals.
 19658 | Lair:4   | Reached skill level 10 in Spellcasting
 19947 | Lair:4   | Reached XP level 14. HP: 76/76 MP: 9/28
 20352 | Lair:4   | Reached **** piety under Sif Muna
 21140 | Lair:4   | Noticed Nessos
 21147 | Lair:4   | Killed Nessos
 22206 | Lair:4   | Learned a level 3 spell: Stone Arrow
 22239 | Lair:5   | Entered Level 5 of the Lair of Beasts
 22580 | Lair:5   | Reached skill level 1 in Earth Magic
 23178 | Orc:1    | Entered Level 1 of the Orcish Mines
 23948 | D:11     | Identified the amulet "Geat" {Spirit rF++ rC+}
 23958 | D:11     | Identified the +9 double sword of the Warrior-Mage {elec,
                  | rPois rF+}
 25157 | D:12     | Found a runed translucent door.
 25157 | D:12     | Noticed Scrael's ghost (journeyman GrFi)
 25965 | D:12     | Slain by Scrael's ghost

Illustrated notes

Levels and vault maps discovered:
D:1:      dpeg_arrival_circle_labyrinth_c, layout_basic, nicolae_the_louvre
D:2:      layout_basic, hellmonk_ecumenical_altar_run_dry
D:3:      layout_loops_ring
D:4:      layout_loops_ring, mainiacjoe_overflow_alcove_1, uniq_sigmund
D:5:      layout_rooms, serial_shops, nicolae_shop_rolling_square
D:6:      layout_basic, general_overflow_altar, minmay_temple_entry_fiery
D:7:      layout_basic
D:8:      layout_rooms, tso_oasis_becter, nicolae_ashenzari_skybound,
          grunt_temple_overflow_open, uniq_erica, uniq_amaemon, uniq_psyche
D:9:      kennysheep_blocky_room, layout_long_grid,
          nemelex_xobeh_ov_fountains_minmay, uniq_erolcha
D:10:     layout_basic, mainiacjoe_overflow_surrounded_room, orc_0_dummy,
          minmay_misc_feat_square
D:11:     minmay_cut_squares, layout_stronghold, erik_lair_orcish_takeover,
          serial_column_ruins, column_ruins_courtyard_long,
          column_ruins_open_tiny, column_ruins_open_large,
          column_ruins_corridor_corner, column_ruins_open_tiny,
          column_ruins_corridor_T, nzn_life_drinkers, uniq_harold
D:12:     layout_cave_pods, serial_glass, glass_columns_a, glass_columns_b,
          ebering_ghost_inner_flame, chequers_serial_rivers_room_b,
          nicolae_fort_ynox
Temple:   jpeg_temple_clearing
Lair:1:   minmay_lair_venomous_thicket, layout_regular_city,
          serial_bayou_shore_a
Lair:2:   layout_regular_city, dummy_spider_entry, basic_altar
Lair:3:   layout_gridlike, minmay_shoals_entry_hut, uniq_fannar
Lair:4:   layout_cave_pods, chequers_serial_rivers_micro_b, beast_lair_carwin_5,
          grunt_megastairs_1, uniq_nessos
Lair:5:   evil_forest, layout_hall_layers, slime_entry_1,
          nicolae_quartered_pool_impasse, hibernation_bobbens
Orc:1:    cheibrodos_orc_guarddog, layout_diamond_mine

Skill      XL: |  1  2  3  4  5  6  7  8  9 10 11 12 13 14 |
---------------+-------------------------------------------+-----
Stealth        | 3 4 5 6 |  6.6
Conjurations   | 2 3 4 5 6 8 9 10 11 | 11.5
Dodging        | 3 4 5 6 7 |  7.0
Spellcasting   | 3 4 5 6 7 9 10 | 10.8
Fire Magic     | 4 5 6 7 8 10 11 | 11.9
Summonings     | 2 3 5 6 |  6.0
Air Magic      | 2 3 5 |  5.0
Shields        | 1 4 6 8 9 |  9.4
Invocations    | 1 5 7 8 |  8.9
Earth Magic    | 3 |  3.0

Action                     |  1- 3 |  4- 6 |  7- 9 | 10-12 | 13-15 || total
---------------------------+-------+-------+-------+-------+-------++-------
  Melee: Dagger            |    15 |     8 |       |       |       ||    23
         Constrict         |     3 |     7 |     8 |     9 |     7 ||    34
         Tentacles         |     2 |     2 |     5 |     9 |     7 ||    25
         Spear             |       |    45 |    37 |    12 |       ||    94
         Punch             |       |       |     1 |       |     1 ||     2
         Staff             |       |       |       |    22 |    17 ||    39
   Cast: Foxfire           |    61 |    23 |    88 |   218 |   197 ||   587
         Scorch            |       |    10 |    47 |   139 |   179 ||   375
         Inner Flame       |       |     1 |     6 |    32 |    43 ||    82
         Flame Wave        |       |       |     3 |    33 |    63 ||    99
         Mephitic Cloud    |       |       |       |    32 |    53 ||    85
         Call Canine Famil |       |       |       |    11 |    17 ||    28
         Call Imp          |       |       |       |     4 |     9 ||    13
         Starburst         |       |       |       |       |    10 ||    10
         Stone Arrow       |       |       |       |       |     4 ||     4
         Plasma Beam       |       |       |       |       |     1 ||     1
 Invoke: Channel Magic     |       |       |       |     2 |     4 ||     6
  Evoke: Wand              |       |       |       |    10 |     5 ||    15
    Use: Scroll            |       |       |     6 |    15 |     9 ||    30
         Potion            |       |       |     3 |     6 |     2 ||    11
   Stab: Sleeping          |     3 |    12 |     4 |     1 |       ||    20
         Confused          |       |       |       |     3 |     1 ||     4
 Armour: Skin              |    15 |    23 |    53 |    66 |    93 ||   250
  Dodge: Dodged            |    13 |    33 |    50 |    80 |    97 ||   273
  Block: Kite shield       |       |       |       |    71 |   122 ||   193
         Reflection        |       |       |       |       |     6 ||     6
         Orb               |       |       |       |       |    15 ||    15

Table legend: (Time is in decaauts)
 A = Elapsed time spent in this place.
 B = Non-inter-level travel time spent in this place.
 C = Inter-level travel time spent in this place.
 D = Time resting spent in this place.
 E = Time spent auto-exploring this place.
 F = Levels seen in this place.
 G = Mean time per level.
                   A        B        C        D        E       F      G
               +--------+--------+--------+--------+--------+-----+--------+
         Total |  26005 |  25275 |    730 |   6161 |  13264 |  19 | 1368.7 |
       Dungeon |  16260 |  15791 |    469 |   3453 |   8774 |  12 | 1355.0 |
        Temple |     17 |     17 |      0 |      0 |      0 |   1 |   17.0 |
          Lair |   9472 |   9230 |    242 |   2596 |   4449 |   5 | 1894.4 |
  Orcish Mines |    254 |    237 |     17 |    112 |     41 |   1 |  254.0 |
               +--------+--------+--------+--------+--------+-----+--------+

Top non-repeatable levels by time:
  Lair:4: 2922 daAuts
    D:11: 2662 daAuts
  Lair:3: 2160 daAuts
  Lair:1: 1993 daAuts
  Lair:2: 1884 daAuts
     D:9: 1749 daAuts
     D:8: 1623 daAuts
    D:10: 1535 daAuts
     D:7: 1465 daAuts
    D:12: 1356 daAuts
     D:6: 1319 daAuts
     D:1: 1157 daAuts
     D:3: 1006 daAuts
     D:4: 915 daAuts
     D:5: 838 daAuts
